Map: Battle on the Boardwalk LE

Players

Iceman - Winner!

  • Race: Zerg Zerg
  • League: Diamond
  • Spawn Location: 11:00

BuzZer

  • Race: Zerg Zerg
  • League: Master
  • Spawn Location: 1:00

VOD

Have the link to the VOD?

Description

Time

  • Played on: Jan. 20, 2018, 3:54 p.m.
  • Length: 20:01
Show
View Real Time Build Order
Export as new Build Order

Iceman Zerg - Winner!

Build Orders: Pool First, Lurkers 

Get SALT Encoding   

  12  0:01  Drone  
  13  0:13  Overlord  
  13  0:17  Drone  
  14  0:31  Drone x2  
  14  0:34  Drone  
  17  0:46  Drone  
  17  0:49  Extractor  
  17  0:52  Spawning Pool  
  17  0:56  Drone  
  17  1:07  Drone  
  18  1:26  Hatchery  
  17  1:34  Overlord  
  17  1:40  Zergling x4  
  17  1:45  Queen  
  21  1:56  Spine Crawler  
  22  2:01  Zergling x4  
  22  2:11  Zergling x2  
  23  2:17  Baneling Nest  
  21  2:36  Drone x2  
  22  2:51  Drone  
  22  2:53  Metabolic Boost  
  23  3:00  Baneling  
  23  3:01  Baneling x3  
  23  3:05  Drone x4  
  27  3:25  Extractor  
  27  3:26  Hatchery  
  25  3:33  Drone x3  
  28  3:36  Drone  
  29  3:52  Lair  
  29  3:57  Overlord  
  29  4:11  Drone  
  29  4:15  Drone x3  
  33  4:18  Drone  
  34  4:35  Baneling x2  
  34  4:38  Drone x3  
  37  4:40  Drone x2  
  37  4:41  Roach Warren  
  37  4:42  Drone  
  38  5:01  Spine Crawler  
  37  5:09  Extractor  
  35  5:14  Hatchery  
  35  5:21  Roach x2, Evolution Chamber  
  37  5:44  Hatchery  
  37  5:45  Drone x2  
  38  5:51  Overlord  
  38  6:04  Overlord  
  38  6:11  Zerg Missile Weapons Level 1, Glial Reconstitution  
  38  6:13  Roach x2  
  38  6:16  Roach  
  44  6:24  Roach  
  46  6:33  Queen  
  46  6:37  Drone  
  46  6:38  Drone x2  
  51  6:46  Roach x3  
  57  6:54  Extractor  
  57  6:58  Drone x3  
  57  7:00  Roach  
  60  7:04  Roach  
  62  7:10  Roach  
  62  7:12  Roach  
  66  7:20  Overlord x2  
  66  7:29  Overlord  
  66  7:37  Overlord x2  
  66  7:40  Ravager x6  
  66  7:42  Roach x2  
  66  7:43  Roach  
  78  7:45  Roach  
  78  7:48  Drone  
  78  7:49  Drone  
  78  7:50  Drone  
  83  7:57  Drone x4  
  87  8:04  Roach x2  
  91  8:08  Roach  
  93  8:14  Drone x2  
  93  8:15  Hydralisk Den  
  93  8:19  Zerg Missile Weapons Level 2  
  94  8:22  Drone  
  94  8:23  Drone  
  94  8:25  Roach  
  98  8:30  Roach x2  
  102  8:34  Drone, Spore Crawler  
  102  8:36  Drone  
  102  8:37  Drone  
  102  8:41  Drone x2  
  106  8:45  Drone, Extractor  
  106  8:55  Unknown, Spine Crawler  
  106  8:56  Drone  
  106  8:59  Overlord  
  106  9:09  Overlord x2  
  106  9:11  Muscular Augments  
  106  9:14  Overseer, Hatchery  
  105  9:18  Hydralisk x2  
  105  9:19  Hydralisk  
  105  9:23  Hydralisk  
  113  9:26  Overlord  
  113  9:28  Overlord  
  113  9:30  Hydralisk  
  115  9:33  Hydralisk  
  115  9:36  Hydralisk  
  119  9:39  Hydralisk  
  119  9:41  Hydralisk  
  123  9:48  Lurker Den, Hydralisk  
  123  9:50  Hydralisk  
  126  9:54  Hydralisk  
  128  10:04  Roach  
  128  10:06  Overlord x2  
  130  10:23  Overlord  
  130  10:26  Extractor  
  129  10:29  Hydralisk x4  
  129  10:30  Hydralisk x4  
  129  10:33  Hydralisk  
  129  10:35  Zerg Ground Armor Level 1  
  147  10:36  Drone  
  147  10:37  Drone  
  147  10:39  Drone x2  
  147  10:41  Drone  
  147  10:42  Drone  
  140  10:57  Spore Crawler  
  139  11:06  Drone x9  
  148  11:13  Overseer  
  148  11:14  Spore Crawler, Overseer  
  146  11:25  Spore Crawler  
  143  11:27  Spine Crawler  
  142  11:37  Unknown x2, Lurker x4  
  146  11:48  Drone  
  147  12:19  Hatchery  
  147  12:20  Lurker x2  
  148  12:24  Lurker  
  148  12:27  Overlord x2  
  148  12:29  Drone x5  
  154  12:32  Extractor x2  
  154  12:33  Spine Crawler  
  154  12:34  Drone x4, Spine Crawler  
  154  12:39  Overlord  
  154  12:41  Overlord x2  
  154  12:58  Spine Crawler  
  153  12:59  Drone x6, Spine Crawler  
  158  13:23  Roach x6  
  158  13:24  Hydralisk Den, Hatchery, Extractor  
  167  13:28  Extractor  
  166  13:40  Overseer  
  166  13:59  Hatchery, Lurker  
  166  14:00  Lurker x7  
  173  14:17  Drone x12  
  185  14:29  Roach x3  
  148  15:11  Drone x7  
  148  15:12  Drone x2  
  137  15:49  Roach x4  
  146  15:50  Roach x5  
  146  15:52  Ravager  
  145  16:03  Roach x3  
  148  16:08  Roach x3  
  149  16:13  Lurker x2  
  149  16:14  Lurker x3  
  149  16:15  Roach x3  
  160  16:20  Roach  
  162  16:28  Hydralisk x3  
  162  16:29  Hydralisk  
  170  16:34  Hydralisk x3  
  156  16:57  Hydralisk x8  
  159  17:08  Hydralisk x4  
  144  17:14  Hydralisk  
  152  17:19  Hydralisk x3  
  158  17:23  Hydralisk  
  145  17:39  Hydralisk x6  
  153  17:46  Spire  
  124  18:10  Drone x8  
  128  18:15  Spore Crawler x2  
  128  18:17  Spine Crawler x2  
  114  18:31  Hydralisk x4  
  114  18:51  Hydralisk x6  
  120  18:55  Hydralisk  
  118  19:04  Corruptor  
  118  19:05  Corruptor  
  121  19:10  Corruptor  
  121  19:16  Corruptor  
  118  19:23  Corruptor  
Show
View Real Time Build Order
Export as new Build Order

BuzZer Zerg 

Build Orders: Pool First, Lurkers 

Get SALT Encoding   

  12  0:17  Spawning Pool  
  11  0:22  Drone  
  11  0:27  Drone  
  13  0:35  Overlord  
  13  1:04  Zergling x2  
  13  1:05  Zergling x4  
  16  1:15  Queen  
  18  1:19  Zergling x2  
  19  1:33  Drone  
  19  1:39  Hatchery  
  19  1:42  Zergling x2  
  20  1:53  Queen  
  22  1:59  Overlord  
  22  2:20  Drone x2  
  24  2:38  Drone x4  
  24  2:40  Extractor  
  27  2:49  Roach Warren  
  26  2:54  Drone  
  27  3:01  Evolution Chamber  
  27  3:03  Drone  
  27  3:04  Queen  
  29  3:06  Drone  
  29  3:11  Drone  
  31  3:14  Drone  
  32  3:26  Drone x2  
  34  3:41  Zerg Missile Weapons Level 1  
  34  3:44  Extractor  
  34  3:46  Drone x2  
  34  3:48  Overlord  
  35  3:49  Drone  
  36  4:07  Drone x2  
  36  4:08  Drone  
  36  4:09  Overlord  
  39  4:16  Roach x2  
  43  4:18  Drone  
  43  4:22  Overlord x2  
  44  4:29  Evolution Chamber  
  43  4:31  Evolution Chamber  
  43  4:33  Spine Crawler  
  43  4:38  Roach x2  
  45  4:47  Drone x3  
  52  4:52  Roach  
  52  4:53  Roach x2  
  49  5:26  Roach x3  
  59  5:28  Roach x3  
  59  5:29  Roach  
  59  5:35  Drone  
  64  5:36  Overlord  
  64  5:41  Overlord  
  64  5:45  Lair  
  64  5:47  Roach x2  
  68  5:59  Hatchery  
  67  6:10  Overlord  
  69  6:11  Roach x3  
  69  6:12  Roach x2  
  69  6:14  Drone  
  69  6:16  Drone  
  69  6:18  Drone  
  80  6:41  Overlord  
  80  6:42  Drone  
  80  6:45  Drone x2  
  83  6:48  Overlord  
  83  6:49  Roach  
  83  6:50  Roach x3  
  91  7:02  Zerg Missile Weapons Level 2, Glial Reconstitution  
  91  7:05  Overlord  
  91  7:07  Roach x2  
  95  7:09  Roach  
  95  7:14  Drone x2, Extractor  
  95  7:15  Drone  
  99  7:18  Overlord  
  99  7:26  Overlord  
  99  7:27  Drone x2  
  99  7:28  Drone x3  
  104  7:35  Roach  
  104  7:36  Roach x2  
  110  7:38  Overlord  
  110  7:39  Drone x2  
  112  7:46  Overseer  
  112  7:48  Overlord  
  112  7:49  Drone x3  
  112  7:50  Roach x2  
  119  7:56  Drone x3  
  124  7:58  Roach  
  124  8:03  Roach x2  
  128  8:06  Burrow  
  128  8:12  Drone, Extractor  
  128  8:13  Drone x3  
  128  8:14  Drone x3  
  128  8:17  Overseer  
  134  8:25  Tunneling Claws  
  134  8:27  Overlord  
  134  8:28  Drone, Extractor  
  134  8:29  Drone x3  
  134  8:30  Overlord  
  134  8:32  Roach  
  134  8:34  Roach  
  141  8:52  Overseer  
  141  8:55  Spine Crawler  
  140  8:59  Hatchery  
  139  9:02  Overlord  
  139  9:04  Roach x10  
  159  9:11  Overlord  
  159  9:15  Ravager x2  
  161  9:20  Extractor  
  160  9:35  Ravager x4  
  164  9:52  Overlord  
  164  9:53  Roach  
  164  9:54  Roach x9  
  184  10:10  Overlord x2  
  184  10:16  Hydralisk Den  
  184  10:18  Overlord  
  184  10:19  Drone x6  
  184  10:20  Drone x2  
  191  10:23  Roach x6  
  191  10:26  Overlord  
  191  10:28  Roach x8  
  191  10:44  Roach x5  
  191  10:56  Roach x3  
  189  10:57  Muscular Augments, Hydralisk x3  
  189  10:58  Hydralisk x2  
  197  11:10  Hydralisk x4  
  197  11:24  Hydralisk x5  
  199  11:28  Zerg Ground Armor Level 1  
  199  11:29  Ravager  
  200  11:36  Extractor  
  191  12:14  Hydralisk x3  
  191  12:15  Hydralisk  
  199  12:20  Lurker Den  
  196  12:27  Overseer  
  196  12:28  Overseer  
  186  12:42  Infestation Pit  
  185  12:51  Hatchery  
  184  13:12  Roach x7  
  184  13:19  Hive  
  184  13:22  Spire  
  184  13:26  Zerg Ground Armor Level 2  
  183  13:45  Hydralisk x5  
  183  13:46  Hydralisk  
  195  13:49  Lurker x3  
  195  13:50  Lurker x2  
  200  14:13  Roach x7  
  200  14:18  Roach x8  
  133  14:53  Roach  
  133  14:54  Roach x16  
  133  14:55  Roach x20  
  133  14:56  Roach  
  179  15:01  Greater Spire  
  179  15:03  Roach x3  
  179  15:04  Roach x9  
  188  15:19  Overlord  
  188  15:20  Overlord  
  173  15:25  Overlord x2  
  173  15:35  Overseer  
  137  15:48  Roach x11  
  137  15:49  Roach x8  
  119  16:08  Corruptor x2  
  119  16:09  Corruptor  
  101  16:12  Roach x2  
  101  16:13  Roach  
  103  16:19  Spine Crawler x3  
  103  16:21  Spine Crawler  
  103  16:22  Spine Crawler x2  
  103  16:24  Spine Crawler x2  
  74  16:32  Corruptor  
  74  16:33  Corruptor x3  
  80  16:49  Brood Lord x3  
  74  17:00  Hydralisk x3  
  74  17:01  Hydralisk x2  
  66  17:05  Brood Lord x2  
  66  17:06  Brood Lord x2  
  72  17:09  Hydralisk  
  71  17:16  Overseer  
  45  17:38  Zergling x10  
  45  17:39  Zergling x2  
  42  18:08  Hatchery  
  42  18:11  Zergling x2  
  42  18:12  Zergling x10  
  47  18:24  Zergling x2  
  45  18:41  Metabolic Boost  
  41  18:51  Zergling x4  
  38  19:37  Drone x2  
Tags
 
Add a new tag
Caveats
  • Supply blocks, unpowered buildings, or Contaminate may cause inaccurate times.
  • Supply counts are checked every 10 seconds.